| TOP OF THE 1ST |
|
UCLA Bruins batting - Pitching for University of South Carolina Gamecocks : RHP Milorad Telacevic
|
|
Pitching: RHP Milorad Telacevic
|
|
|
Batting: LHB Mark Cummings
|
0-0: Ball 1-0: Ball 2-0: Called Strike 2-1: Fly out, F8 (Flyball, 78D, EV 94.4 MPH)
|
|
Batting: RHB Melvin Yanes
|
0-0: Ball 1-0: Ball 2-0: Fly out, F6 (Line Drive, 6, EV 70.6 MPH)
|
|
Batting: RHB Andy Knerr
|
0-0: Ball 1-0: Called Strike 1-1: Foul Ball, location: 2F 1-2: Foul Ball, location: 2F 1-2: Ball 2-2: SINGLE (Line Drive, 6MD, EV 108.8 MPH)
|
|
Batting: RHB Ethan Krause
|
0-0: Ball Pickoff Throw by Catcher to First - Out!
|
| Top of the 1st over - 0 runs, 1 hit, 0 errors, 0 left on base; UCLA 0 - University of South Carolina 0 |
| BOTTOM OF THE 1ST |
|
University of South Carolina Gamecocks batting - Pitching for UCLA Bruins : LHP Daniel McConnell
|
|
Pitching: LHP Daniel McConnell
|
|
|
Batting: LHB Jörg Young
|
0-0: Foul Ball, location: 2F 0-1: Ground out U3 (Groundball, 3, EV 87.5 MPH)
|
|
Batting: RHB Brian Passalacqua
|
0-0: Hit by Pitch
|
|
Batting: SHB Keith Mihas
|
0-0: Ball 1-0: Swinging Strike 1-1: Called Strike 1-2: Ball 2-2: Strikes out swinging
|
|
Batting: RHB Justin Kurutz
|
0-0: Ball 1-0: Ball 2-0: Called Strike 2-1: SINGLE (Groundball, 56D, EV 103.1 MPH) Brian Passalacqua to second
|
|
Batting: RHB Lance Neldon
|
0-0: Ball 1-0: Swinging Strike 1-1: Ball Wild Pitch! Brian Passalacqua to third Justin Kurutz to second 2-1: Foul Ball, location: 2F 2-2: Foul Ball, location: 2F 2-2: Ball 3-2: 3-RUN HOME RUN (Line Drive, 78XD, EV 108.1 MPH), Distance : 447 ft
|
|
Batting: LHB Bert Webster
|
0-0: SINGLE (Groundball, 3D, EV 106.2 MPH)
|
|
Batting: RHB Phil Hanley
|
0-0: Ball 1-0: Ball 2-0: Ball 3-0: Called Strike 3-1: Called Strike 3-2: SINGLE (Groundball, 56, EV 95.6 MPH) Bert Webster to second Bert Webster to third
|
|
Batting: RHB Ben Turner
|
0-0: Ball 1-0: Ball 2-0: Called Strike 2-1: Foul Ball, location: 2F 2-2: Foul Ball, location: 7LSF, Error on foul ball, E7 2-2: Foul Ball, location: 2F 2-2: Ground out 6-3 (Groundball, 56D, EV 104.4 MPH)
|
| Bottom of the 1st over - 3 runs, 4 hits, 1 error, 2 left on base; UCLA 0 - University of South Carolina 3 |
| TOP OF THE 2ND |
|
UCLA Bruins batting - Pitching for University of South Carolina Gamecocks : RHP Milorad Telacevic
|
|
Batting: RHB Ethan Krause
|
0-0: Called Strike 0-1: Ball 1-1: SINGLE (Groundball, 56D, EV 105.6 MPH)
|
|
Batting: RHB Issac Konol
|
0-0: Foul Ball, location: 2F 0-1: Ball 1-1: SINGLE (Groundball, 4M, EV 78.8 MPH) (infield hit) Ethan Krause to second
|
|
Batting: RHB Dave Spradley
|
0-0: Fly out, F9 (Flyball, 9LMF, EV 81.2 MPH)
|
|
Batting: SHB Mike Beck
|
0-0: Fielders Choice at 2nd, 4-6 (Groundball, 4, EV 107.5 MPH) Ethan Krause to third
|
|
Batting: RHB Michael Alvarado
|
0-0: Ball 1-0: DOUBLE (Flyball, 8RD, EV 90.6 MPH) Ethan Krause scores Mike Beck to third Runner from 3rd tries for Home, SAFE, throw by CF to trailing runner, SAFE at third!
|
|
Batting: RHB Pete Devaux
|
0-0: Ball 1-0: Foul Ball, location: 2F 1-1: Foul Ball, location: 2F 1-2: 2-RUN HOME RUN (Flyball, 7LD, EV 98.1 MPH), Distance : 371 ft
|
|
Batting: LHB Mark Cummings
|
0-0: Called Strike 0-1: Ground out 6-3 (Groundball, 6, EV 106.9 MPH)
|
| Top of the 2nd over - 4 runs, 4 hits, 0 errors, 0 left on base; UCLA 4 - University of South Carolina 3 |
| BOTTOM OF THE 2ND |
|
University of South Carolina Gamecocks batting - Pitching for UCLA Bruins : LHP Daniel McConnell
|
|
Batting: RHB Steve Gibson
|
0-0: Called Strike 0-1: Foul Ball, location: 2F 0-2: Ball 1-2: Ball 2-2: Strikes out swinging
|
|
Batting: LHB Jörg Young
|
0-0: Ball 1-0: Fly out, F9 (Flyball, 9, EV 90.6 MPH)
|
|
Batting: RHB Brian Passalacqua
|
0-0: Ball 1-0: Ball 2-0: Ground out 6-3 (Groundball, 6, EV 104.4 MPH)
|
| Bottom of the 2nd over - 0 runs, 0 hits, 0 errors, 0 left on base; UCLA 4 - University of South Carolina 3 |
| TOP OF THE 3RD |
|
UCLA Bruins batting - Pitching for University of South Carolina Gamecocks : RHP Milorad Telacevic
|
|
Batting: RHB Melvin Yanes
|
0-0: Ground out 2-3 (Groundball, 2L, EV 65.0 MPH)
|
|
Batting: RHB Andy Knerr
|
0-0: Called Strike 0-1: Ball 1-1: Ball 2-1: Foul Ball, location: 2F 2-2: Ball 3-2: Strikes out swinging
|
|
Batting: RHB Ethan Krause
|
0-0: Ball 1-0: Ball 2-0: Ball 3-0: Called Strike 3-1: Foul Ball, location: 2F 3-2: Strikes out looking
|
| Top of the 3rd over - 0 runs, 0 hits, 0 errors, 0 left on base; UCLA 4 - University of South Carolina 3 |
| BOTTOM OF THE 3RD |
|
University of South Carolina Gamecocks batting - Pitching for UCLA Bruins : LHP Daniel McConnell
|
|
Batting: SHB Keith Mihas
|
0-0: Called Strike 0-1: Ball 1-1: Ball 2-1: Fly out, F7 (Flyball, 7D, EV 78.1 MPH)
|
|
Batting: RHB Justin Kurutz
|
0-0: Swinging Strike 0-1: Foul Ball, location: 2F 0-2: Ball 1-2: Ball 2-2: Ball 3-2: Ground out 6-3 (Groundball, 6, EV 101.9 MPH)
|
|
Batting: RHB Lance Neldon
|
0-0: Ball 1-0: Ball 2-0: Ball 3-0: Called Strike 3-1: Called Strike 3-2: Strikes out looking
|
| Bottom of the 3rd over - 0 runs, 0 hits, 0 errors, 0 left on base; UCLA 4 - University of South Carolina 3 |
| TOP OF THE 4TH |
|
UCLA Bruins batting - Pitching for University of South Carolina Gamecocks : RHP Milorad Telacevic
|
|
Batting: RHB Issac Konol
|
0-0: Foul Ball, location: 2F 0-1: Ball 1-1: Ball 2-1: Foul Ball, location: 2F 2-2: Foul Ball, location: 2F 2-2: Ground out 4-3 (Groundball, 4M, EV 105.0 MPH)
|
|
Batting: RHB Dave Spradley
|
0-0: Ball 1-0: Ball 2-0: Ground out 5-3 (Groundball, 5S, EV 65.6 MPH)
|
|
Batting: SHB Mike Beck
|
0-0: Called Strike 0-1: SINGLE (Groundball, 4MD, EV 101.2 MPH)
|
|
Batting: RHB Michael Alvarado
|
0-0: Ball 1-0: Ball 2-0: Fly out, F7 (Flyball, 78D, EV 94.4 MPH)
|
| Top of the 4th over - 0 runs, 1 hit, 0 errors, 1 left on base; UCLA 4 - University of South Carolina 3 |
| BOTTOM OF THE 4TH |
|
University of South Carolina Gamecocks batting - Pitching for UCLA Bruins : LHP Daniel McConnell
|
|
Batting: LHB Bert Webster
|
0-0: Swinging Strike 0-1: Called Strike 0-2: Fly out, F7 (Flyball, 78M, EV 83.8 MPH)
|
|
Batting: RHB Phil Hanley
|
0-0: Foul Ball, location: 2F 0-1: Foul Ball, location: 2F 0-2: Ball 1-2: Fly out, F8 (Flyball, 8RM, EV 90.0 MPH)
|
|
Batting: RHB Ben Turner
|
0-0: Called Strike 0-1: Ball 1-1: Ball 2-1: Ball 3-1: Foul Ball, location: 2F 3-2: Fly out, F9 (Line Drive, 9, EV 91.2 MPH)
|
| Bottom of the 4th over - 0 runs, 0 hits, 0 errors, 0 left on base; UCLA 4 - University of South Carolina 3 |
| TOP OF THE 5TH |
|
UCLA Bruins batting - Pitching for University of South Carolina Gamecocks : RHP Milorad Telacevic
|
|
Batting: RHB Pete Devaux
|
0-0: Ball 1-0: Ball 2-0: Ball 3-0: Called Strike 3-1: Base on Balls
|
|
Batting: LHB Mark Cummings
|
0-0: Called Strike 0-1: DOUBLE (Line Drive, 9LM, EV 107.5 MPH) Pete Devaux to third Runner from 3rd tries for Home, SAFE, throw by RF to trailing runner, OUT at third! 9-3-5
|
|
Batting: RHB Melvin Yanes
|
0-0: Ball 1-0: Foul Ball, location: 2F 1-1: Swinging Strike 1-2: Foul Ball, location: 2F 1-2: Ball 2-2: Ground out 4-3 (Groundball, 4, EV 107.5 MPH)
|
|
Batting: RHB Andy Knerr
|
0-0: Called Strike 0-1: Ball 1-1: Foul Ball, location: 2F 1-2: Ground out 5-3 (Groundball, 56S, EV 65.6 MPH)
|
| Top of the 5th over - 1 run, 1 hit, 0 errors, 0 left on base; UCLA 5 - University of South Carolina 3 |
| BOTTOM OF THE 5TH |
|
University of South Carolina Gamecocks batting - Pitching for UCLA Bruins : LHP Daniel McConnell
|
|
Batting: RHB Steve Gibson
|
0-0: Fly out, F7 (Flyball, 7D, EV 105.6 MPH)
|
|
Batting: LHB Jörg Young
|
0-0: Swinging Strike 0-1: DOUBLE (Groundball, 5L, EV 108.1 MPH)
|
|
Batting: RHB Brian Passalacqua
|
0-0: SINGLE (Line Drive, 8RS, EV 110.0 MPH) Jörg Young to third
|
|
Batting: SHB Keith Mihas
|
0-0: Ball Brian Passalacqua steals 2nd base 1-0: Ball 2-0: Fly out, F7 (Flyball, 7D, EV 83.8 MPH) Runner from 3rd tags up, SCORES, no throw by LF Brian Passalacqua to third
|
|
Batting: RHB Justin Kurutz
|
0-0: SINGLE (Groundball, 34D, EV 94.4 MPH) Brian Passalacqua scores
|
|
Pitching: RHP Juan Zatarain
|
|
|
Batting: RHB Lance Neldon
|
0-0: Called Strike 0-1: Ball 1-1: Ball 2-1: Called Strike 2-2: Strikes out looking
|
| Bottom of the 5th over - 2 runs, 3 hits, 0 errors, 1 left on base; UCLA 5 - University of South Carolina 5 |
| TOP OF THE 6TH |
|
UCLA Bruins batting - Pitching for University of South Carolina Gamecocks : RHP Milorad Telacevic
|
|
Batting: RHB Ethan Krause
|
0-0: Swinging Strike 0-1: Ball 1-1: Ball 2-1: Fly out, F9 (Flyball, 9S, EV 94.4 MPH)
|
|
Batting: RHB Issac Konol
|
0-0: Ball 1-0: Called Strike 1-1: Ball 2-1: Swinging Strike 2-2: Foul Ball, location: 2F 2-2: Ball 3-2: Fly out, F9 (Flyball, 9LM, EV 103.1 MPH)
|
|
Batting: RHB Dave Spradley
|
0-0: Swinging Strike 0-1: Foul Ball, location: 2F 0-2: Foul Ball, location: 2F 0-2: Fly out, F8 (Flyball, 8LXD, EV 103.1 MPH)
|
| Top of the 6th over - 0 runs, 0 hits, 0 errors, 0 left on base; UCLA 5 - University of South Carolina 5 |
| BOTTOM OF THE 6TH |
|
University of South Carolina Gamecocks batting - Pitching for UCLA Bruins : RHP Juan Zatarain
|
|
Batting: LHB Bert Webster
|
0-0: Ground out 4-3 (Groundball, 4, EV 87.5 MPH)
|
|
Batting: RHB Phil Hanley
|
0-0: Ball 1-0: Ball 2-0: Called Strike 2-1: SINGLE (Groundball, 6M, EV 106.2 MPH) (infield hit)
|
|
Batting: RHB Ben Turner
|
0-0: Foul Ball, location: 2F 0-1: Grounds into double play, 6-4-3 (Groundball, 6, EV 80.6 MPH)
|
| Bottom of the 6th over - 0 runs, 1 hit, 0 errors, 0 left on base; UCLA 5 - University of South Carolina 5 |
| TOP OF THE 7TH |
|
UCLA Bruins batting - Pitching for University of South Carolina Gamecocks : RHP Milorad Telacevic
|
|
Pitching: RHP Trent Lipinski
|
|
|
Batting: SHB Mike Beck
|
0-0: SINGLE (Groundball, 6MD, EV 101.9 MPH)
|
|
Batting: RHB Michael Alvarado
|
0-0: Ball 1-0: Ball 2-0: Sac Bunt to 15S - play at second, runner OUT! 1-6
|
|
Batting: RHB Pete Devaux
|
0-0: Foul Ball, location: 2F 0-1: Ball 1-1: Fly out, F7 (Flyball, 7, EV 88.1 MPH)
|
|
Batting: LHB Mark Cummings
|
0-0: Swinging Strike 0-1: Ball 1-1: Swinging Strike 1-2: Foul Ball, location: 2F 1-2: Ball 2-2: Foul Ball, location: 2F 2-2: Foul Ball, location: 2F 2-2: Foul Ball, location: 2F 2-2: Fielders Choice at 2nd, 6-4 (Groundball, 6, EV 88.8 MPH)
|
| Top of the 7th over - 0 runs, 1 hit, 0 errors, 1 left on base; UCLA 5 - University of South Carolina 5 |
| BOTTOM OF THE 7TH |
|
University of South Carolina Gamecocks batting - Pitching for UCLA Bruins : RHP Juan Zatarain
|
|
Pitching: RHP Cyrano Papadoupolos
|
|
|
Batting: RHB Steve Gibson
|
0-0: Called Strike 0-1: Ball 1-1: Swinging Strike 1-2: Ball 2-2: Ball 3-2: Base on Balls
|
|
Batting: LHB Jörg Young
|
0-0: Sac Bunt to 13 - play at first, batter OUT! 1-4 Steve Gibson to second
|
|
Batting: RHB Brian Passalacqua
|
0-0: Ball 1-0: Called Strike 1-1: Foul Ball, location: 2F 1-2: Strikes out swinging
|
|
Batting: SHB Keith Mihas
|
0-0: Ball 1-0: Ball 2-0: Swinging Strike 2-1: Ball 3-1: Called Strike 3-2: Strikes out swinging
|
| Bottom of the 7th over - 0 runs, 0 hits, 0 errors, 1 left on base; UCLA 5 - University of South Carolina 5 |
| TOP OF THE 8TH |
|
UCLA Bruins batting - Pitching for University of South Carolina Gamecocks : RHP Trent Lipinski
|
|
Pitching: RHP Bob Conway
|
|
|
Pinch Hitting: LHB Dave Hutchison
|
0-0: Called Strike 0-1: Foul Ball, location: 2F 0-2: Ball 1-2: Foul Ball, location: 2F 1-2: Ball 2-2: Fly out, F8 (Flyball, 78S, EV 89.4 MPH)
|
|
Batting: RHB Andy Knerr
|
0-0: Swinging Strike 0-1: Foul Ball, location: 2F 0-2: Foul Ball, location: 2F 0-2: Ball 1-2: Ball 2-2: SOLO HOME RUN (Flyball, 7D, EV 100.0 MPH), Distance : 397 ft
|
|
Batting: LHB Young-lau Seow
|
0-0: Called Strike 0-1: Ball 1-1: Ball 2-1: Swinging Strike 2-2: Foul Ball, location: 2F 2-2: Foul Ball, location: 2F 2-2: Ground out 6-3 (Groundball, 6, EV 98.8 MPH)
|
|
Batting: RHB Issac Konol
|
0-0: Foul Ball, location: 2F 0-1: Ball 1-1: Foul Ball, location: 2F 1-2: Foul Ball, location: 2F 1-2: Ground out 4-3 (Groundball, 4, EV 104.4 MPH)
|
| Top of the 8th over - 1 run, 1 hit, 0 errors, 0 left on base; UCLA 6 - University of South Carolina 5 |
| BOTTOM OF THE 8TH |
|
University of South Carolina Gamecocks batting - Pitching for UCLA Bruins : RHP Cyrano Papadoupolos
|
|
Pitching: LHP Honor Munoz
|
|
|
Now in RF: Scott Mullett
|
|
|
Batting: RHB Justin Kurutz
|
0-0: Ground out 6-3 (Groundball, 6, EV 78.8 MPH)
|
|
Batting: RHB Lance Neldon
|
0-0: Called Strike 0-1: Ball 1-1: SINGLE (Flyball, 89D, EV 111.2 MPH)
|
|
Batting: LHB Bert Webster
|
0-0: Called Strike 0-1: Ball 1-1: Called Strike 1-2: Ball 2-2: Foul Ball, location: 2F 2-2: Ball 3-2: Fielders Choice at 2nd, 1-6 (Groundball, 34S, EV 70.0 MPH)
|
|
Batting: RHB Phil Hanley
|
0-0: Called Strike 0-1: Called Strike 0-2: Ball 1-2: Strikes out swinging
|
| Bottom of the 8th over - 0 runs, 1 hit, 0 errors, 1 left on base; UCLA 6 - University of South Carolina 5 |
| TOP OF THE 9TH |
|
UCLA Bruins batting - Pitching for University of South Carolina Gamecocks : RHP Bob Conway
|
|
Pitching: RHP Nelson Knopp
|
|
|
Batting: RHB Dave Spradley
|
0-0: Foul Ball, location: 2F 0-1: Ground out 4-3 (Groundball, 4M, EV 83.1 MPH)
|
|
Batting: SHB Mike Beck
|
0-0: Ball 1-0: Ball 2-0: Foul Ball, location: 2F 2-1: Called Strike 2-2: Strikes out swinging
|
|
Batting: RHB Michael Alvarado
|
0-0: Ball 1-0: Foul Ball, location: 2F 1-1: Ground out 3-1 (Groundball, 34S, EV 78.8 MPH)
|
| Top of the 9th over - 0 runs, 0 hits, 0 errors, 0 left on base; UCLA 6 - University of South Carolina 5 |
| BOTTOM OF THE 9TH |
|
University of South Carolina Gamecocks batting - Pitching for UCLA Bruins : LHP Honor Munoz
|
|
Pitching: RHP Kyle Mann
|
|
|
Now at 3B: Steve Fouhy
|
|
|
Batting: RHB Ben Turner
|
0-0: Ball 1-0: Fly out, F7 (Line Drive, 7, EV 106.9 MPH)
|
|
Pinch Hitting: LHB David Fowler
|
0-0: Foul Ball, location: 2F 0-1: Ball 1-1: Foul Ball, location: 2F 1-2: Ball 2-2: Ball 3-2: Strikes out swinging
|
|
Batting: LHB Jörg Young
|
0-0: Swinging Strike 0-1: Foul Ball, location: 2F 0-2: SINGLE (Flyball, 78S, EV 91.2 MPH)
|
|
Batting: RHB Brian Passalacqua
|
0-0: Ball 1-0: DOUBLE (Groundball, 5L, EV 103.8 MPH) Jörg Young to third Runner from 3rd tries for Home, throw by LF and OUT! 7-6-2
|
| Bottom of the 9th over - 0 runs, 2 hits, 0 errors, 1 left on base; UCLA 6 - University of South Carolina 5 |
|